 Dungeon Crawl Stone Soup version 0.31-a0-167-g1c394c0614 (webtiles) character file.

Game seed: 12224063346966791850

390 Anon1729 the Trooper (level 6, -3/55 HPs)
             Began as a Minotaur Monk on June 14, 2023.
             Killed from afar by Natasha (9 damage)
             ... with a magic dart
             ... on level 4 of the Dungeon.
             The game lasted 00:02:40 (2465 turns).

Anon1729 the Trooper (Minotaur Monk)                Turns: 2465, Time: 00:02:41

Health: -3/55      AC:  3    Str: 15    XL:     6   Next: 50%
Magic:  6/6        EV: 13    Int:  6    God:
Gold:   190        SH:  0    Dex: 14    Spells: 5/5 levels left

rFire   + . .        j - +1 dagger (venom)
rCold   + . .        d - orb {light}
rNeg    . . .        b - +0 robe
rPois   +            (helmet unavailable)
rElec   +            s - +0 cloak of Distant Shores {+Inv Fly rPois Str-4}
rCorr   +            (no gloves)
SInv    .            (no boots)
Will    .....        (no amulet)
Stlth   +            (no ring)
HPRegen 0.29/turn    (no ring)
MPRegen 0.10/turn

%: no passive effects
@: brilliant, resistant, flying, hasted, glowing, invisible (but backlit and
visible), very quick
A: horns 3, retaliatory headbutt, low MP 1, strong 1
a: Evoke Invisibility


You were on level 4 of the Dungeon.
You visited 1 branch of the dungeon, and saw 4 of its levels.

You collected 190 gold pieces.

Inventory:

Hand Weapons
 a - a +0 short sword
 j - a +1 dagger of venom (weapon)
 m - a +3 dagger
Armour
 b - a +0 robe (worn)
 d - an orb of light (worn)
 s - the +0 cloak of Distant Shores (worn) {+Inv Fly rPois Str-4}
   (You found it on level 3 of the Dungeon)

   Str:       It affects your strength (-4).
   rPois:     It protects you from poison.
   +Inv:      It lets you turn invisible.
   Fly:       It grants you flight.
Jewellery
 h - a ring of resist corrosion
Wands
 l - a wand of digging (7)
Scrolls
 f - 4 scrolls of identify {unknown}
 g - 3 scrolls of teleportation {unknown}
 o - a scroll of revelation {unknown}
 p - 2 scrolls of amnesia {unknown}
 q - a scroll of enchant armour {unknown}
 r - a scroll of blinking {unknown}
 u - a scroll of poison {unknown}
Potions
 c - a potion of ambrosia
 k - a potion of mutation
 n - 2 potions of invisibility


   Skills:
 + Level 4.9 Fighting
 + Level 4.5 Short Blades
 + Level 3.2 Armour
 + Level 4.5 Dodging
 + Level 2.6 Invocations
 + Level 1.2 Evocations


You had 5 spell levels left.
You didn't know any spells.
Your spell library contained the following spells:

 Spells                   Type           Power      Damage    Failure   Level
 Manifold Assault         Tloc           0%         N/A       99%         4
 Dispersal                Tloc           0%         N/A       100%        6
 Disjunction              Tloc           0%         N/A       100%        8


Dungeon Overview and Level Annotations

Branches:
Dungeon (4/15)
 Temple: D:4-7

Altars:
Wu Jian

Shops:
D:2 =(

Annotations:
D:4 Eustachio, Natasha


Innate Abilities, Weirdness & Mutations

You have a pair of large horns on your head.
You reflexively headbutt those who attack you in melee.
Your magical capacity is low. (-10% MP)
Your muscles are strong. (Str +4, Int/Dex -1)


Message History

You kill the bat!
The bat's corpse disappears in a puff of smoke!
Eustachio gestures wildly while chanting.
Eustachio blinks!
The rat closely misses you.
You hit the rat.
The rat is poisoned.
You headbutt the rat.
You kill the rat!
The rat's corpse disappears in a puff of smoke!
Eustachio casts a spell.
Eustachio blinks!
A dart slug comes into view.
Eustachio gestures wildly while chanting.
You barely miss the rat. You headbutt the rat.
You kill the rat!
The rat's corpse disappears in a puff of smoke!
Eustachio mumbles some strange words.
You hit the bat.
The bat is poisoned.
The bat is severely wounded.
The bat misses you.
You hit the bat.
You kill the bat!
The bat's corpse disappears in a puff of smoke!
You hit Eustachio but do no damage.
Eustachio looks as sick as possible!
Eustachio is severely wounded.
The iron imp hits you!
* * * LOW HITPOINT WARNING * * *
You closely miss Eustachio.
Eustachio is severely wounded.
Eustachio hits you with a +0 rapier.
* * * LOW HITPOINT WARNING * * *
The iron imp closely misses you.
Found an ornate altar of the Wu Jian Council.
Eustachio casts a spell.
A hound comes into view.
The hound barks!
Natasha, Servant of Life and Death comes into view.
Found a club.
Natasha hisses angrily.
Natasha stares at you and mumbles some strange words.
The magic dart hits you!
You die...

...........#
#......#...# ######
.##..§≈§.#...# #.:...
...§§≈§...#w.######.....
)..§.§....#....r........
♣.._.......5.@..........
♣.....≈≈.5#.............
......≈≈..#.....)...)...
.##...@.#..............
#.....##########.....
........#.. ##...§.
#.....##..h.# #......
###.## .h..# #...... ...
....# #......
##########.. ....#
#...... ........##..
....# #######
............


You could see a quasit (summoned), Natasha, a white imp (summoned) and a dart
slug.

Vanquished Creatures
  Edmund (D:4)
  A scorpion (D:4)
  A hound (D:4)
  A sleepcap (D:3)
  Natasha (D:4)
  2 adders
  4 gnolls (D:3)
  A worm (D:2)
  3 dart slugs
  3 orcs (D:3)
  5 ball pythons
  7 bats
  4 endoplasms
  A giant cockroach (D:3)
  7 goblins
  8 hobgoblins
  4 quokkas
  3 frilled lizards
  4 kobolds
  11 rats
72 creatures vanquished.

Notes
Turn   | Place    | Note
-------+----------+-------------------------------------------
     0 | D:1      | Anon1729 the Minotaur Monk began the quest for the Orb.
     0 | D:1      | Reached XP level 1. HP: 19/19 MP: 0/0
   132 | D:1      | Reached XP level 2. HP: 24/27 MP: 1/1
   175 | D:1      | Found a faded altar of an unknown god.
   438 | D:1      | Reached skill level 1 in Armour
   740 | D:2      | Found Nomig's Weapon Shop.
   745 | D:2      | Reached skill level 1 in Invocations
   772 | D:2      | Reached XP level 3. HP: 33/33 MP: 2/2
   880 | D:2      | Found Ovismin's One-of-a-Kind Rings.
  1448 | D:3      | Reached XP level 4. HP: 13/40 MP: 4/4
  1718 | D:3      | Identified the +0 cloak of Distant Shores {+Inv Fly rPois
                  | Str-4}
  1726 | D:3      | Reached XP level 5. HP: 47/47 MP: 5/5
  2376 | D:4      | Noticed Natasha
  2383 | D:4      | Killed Natasha
  2384 | D:4      | Reached XP level 6. HP: 50/53 MP: 6/6
  2405 | D:4      | Noticed Edmund
  2406 | D:4      | Noticed Eustachio
  2435 | D:4      | Killed Edmund
  2436 | D:4      | Reached skill level 1 in Evocations
  2440 | D:4      | Gained mutation: Your magical capacity is low. (-10% MP)
                  | [potion of mutation]
  2440 | D:4      | Gained mutation: Your muscles are strong. (Str +4, Int/Dex
                  | -1) [potion of mutation]
  2440 | D:4      | Gained mutation: You have a pair of large horns on your
                  | head. [potion of mutation]
  2462 | D:4      | Found an ornate altar of the Wu Jian Council.
  2465 | D:4      | Noticed Natasha
  2465 | D:4      | Killed from afar by Natasha

Illustrated notes

Levels and vault maps discovered:
D:1:      dpeg_arrival_rooms_b, layout_rooms, shapermc_ecumenical_altar_pompeii,
          amcnicky_mini_corridor_feature
D:2:      layout_loops_cross, serial_shops, nicolae_lakefront_shop,
          nicolae_shop_unique_rings, minmay_tromino_mix6
D:3:      layout_basic, minmay_misc_feat_nine_boxes
D:4:      layout_basic, nicolae_wu_jian_wuxing_cycle, uniq_eustachio,
          uniq_edmund, uniq_natasha

Skill      XL: |  1  2  3  4  5  6 |
---------------+-------------------+-----
Armour         | 1 2 3 |  3.2
Invocations    | 1 2 |  2.6
Fighting       | 4 |  4.9
Dodging        | 4 |  4.5
Short Blades   | 4 |  4.5
Evocations     | 1 |  1.2

Action                     |  1- 3 |  4- 6 || total
---------------------------+-------+-------++-------
  Melee: Short sword       |    16 |       ||    16
         Headbutt          |    23 |    20 ||    43
         Dagger            |    69 |    75 ||   144
    Use: Potion            |       |     5 ||     5
 Armour: Robe              |    11 |     9 ||    20
  Dodge: Dodged            |    58 |    52 ||   110

Table legend: (Time is in decaauts)
 A = Elapsed time spent in this place.
 B = Non-inter-level travel time spent in this place.
 C = Inter-level travel time spent in this place.
 D = Time resting spent in this place.
 E = Time spent auto-exploring this place.
 F = Levels seen in this place.
 G = Mean time per level.
                   A        B        C        D        E       F      G
               +--------+--------+--------+--------+--------+-----+--------+
         Total |   2426 |   2338 |     88 |     79 |   1871 |   4 |  606.5 |
       Dungeon |   2426 |   2338 |     88 |     79 |   1871 |   4 |  606.5 |
               +--------+--------+--------+--------+--------+-----+--------+

Top non-repeatable levels by time:
     D:3: 793 daAuts
     D:2: 652 daAuts
     D:1: 651 daAuts
     D:4: 329 daAuts
